[ AOE2 MATCH · #470837232 ]
UnrankedAztecs vs Incas
[ REPLAY ANALYSIS · EXTRACTED FROM THE RECORDED GAME ]
Feudal
14:26
Castle
20:51
Imperial
—
| APM avg | 27.0 |
| APM peak | 48 |
| eAPM avg | 16.7 |
| Villagers / military | 106 / 30 |
Focus
⚔️ 20.8% · 🌾 79.2%
Fishing Ship ×19 · Jaguar Warrior ×14 · Monk ×8 · Scorpion ×4 · Battering Ram ×4
Feudal
15:10
Castle
22:51
Imperial
—
| APM avg | 23.2 |
| APM peak | 50 |
| eAPM avg | 14.9 |
| Villagers / military | 71 / 38 |
Focus
⚔️ 31.0% · 🌾 69.0%
Spearman ×28 · Fishing Ship ×19 · Unknown (2550) ×6 · Mangonel ×4 · Unknown (2626) ×4 · Kamayuk ×3
Feudal
14:05
Castle
18:25
Imperial
—
| APM avg | 38.0 |
| APM peak | 73 |
| eAPM avg | 15.8 |
| Villagers / military | 63 / 32 |
Focus
⚔️ 29.2% · 🌾 70.8%
Mangudai ×30 · Fishing Ship ×4 · Unknown (2626) ×4 · Battering Ram ×2
Feudal
12:18
Castle
19:18
Imperial
—
| APM avg | 28.8 |
| APM peak | 49 |
| eAPM avg | 13.4 |
| Villagers / military | 76 / 22 |
Focus
⚔️ 28.2% · 🌾 71.8%
Knight ×8 · Skirmisher ×8 · Fishing Ship ×8 · Unknown (2626) ×8 · Fire Galley ×6
Match map
Initial resources + every placement click. Lines = walls · curves = elevation contours. ◆ gold · ⬟ stone · ● berries · ✦ relic · ◌ wall gap
Your base· Open — unwalled flank
aldeanovago's base· Open — unwalled flank
RoscoeBrown's base· Open — unwalled flank
FrasseFrans's base· Open — 10t gap
Smoothed initial terrain · ◌ = detected wall gap · hover for details
Inputs per minute
— Bobbmon - - aldeanovago
Build order — Bobbmon
First 150 of 230 actions detected
| 0:13 | Build | Town Center |
| 0:33 | Build | Dock |
| 0:37 | Build | House |
| 2:36 | Create | Villager (Male) |
| 2:36 | Create | Villager (Male) |
| 2:36 | Create | Villager (Male) |
| 2:36 | Create | Villager (Male) |
| 2:37 | Create | Villager (Male) |
| 3:29 | Create | Villager (Male) |
| 3:29 | Create | Villager (Male) |
| 4:05 | Create | Villager (Male) |
| 4:05 | Create | Villager (Male) |
| 4:06 | Create | Villager (Male) |
| 4:43 | Create | Villager (Male) |
| 4:46 | Build | House |
| 5:29 | Create | Villager (Male) |
| 5:29 | Create | Villager (Male) |
| 5:29 | Create | Villager (Male) |
| 5:29 | Create | Villager (Male) |
| 6:07 | Create | Villager (Male) |
| 6:07 | Create | Villager (Male) |
| 6:07 | Create | Villager (Male) |
| 6:18 | Create | Villager (Male) |
| 6:18 | Create | Villager (Male) |
| 6:30 | Build | House |
| 6:31 | Create | Fishing Ship |
| 6:31 | Create | Fishing Ship |
| 6:32 | Create | Fishing Ship |
| 7:04 | Create | Villager (Male) |
| 7:04 | Create | Villager (Male) |
| 7:17 | Build | Mill |
| 7:36 | Create | Fishing Ship |
| 7:36 | Create | Fishing Ship |
| 7:44 | Create | Villager (Male) |
| 7:44 | Create | Villager (Male) |
| 7:44 | Create | Villager (Male) |
| 8:10 | Create | Villager (Male) |
| 8:10 | Create | Villager (Male) |
| 8:11 | Create | Fishing Ship |
| 8:11 | Create | Fishing Ship |
| 8:29 | Create | Villager (Male) |
| 8:29 | Create | Villager (Male) |
| 8:35 | Build | House |
| 9:04 | Create | Villager (Male) |
| 9:04 | Create | Villager (Male) |
| 9:04 | Create | Villager (Male) |
| 9:06 | Create | Fishing Ship |
| 9:06 | Create | Fishing Ship |
| 9:51 | Create | Villager (Male) |
| 9:56 | Research | Loom |
| 10:06 | Create | Fishing Ship |
| 10:06 | Create | Fishing Ship |
| 10:11 | Build | House |
| 10:28 | Create | Fishing Ship |
| 10:41 | Create | Villager (Male) |
| 10:52 | Create | Fishing Ship |
| 10:52 | Create | Fishing Ship |
| 10:52 | Create | Fishing Ship |
| 11:39 | Create | Fishing Ship |
| 12:16 | Research | Feudal Age |
| 12:32 | Build | Mining Camp |
| 12:43 | Build | Farm |
| 12:45 | Create | Fishing Ship |
| 12:56 | Build | House |
| 13:09 | Create | Villager (Male) |
| 13:19 | Create | Villager (Male) |
| 13:43 | Create | Fishing Ship |
| 13:43 | Create | Fishing Ship |
| 13:55 | Create | Villager (Male) |
| 14:22 | Build | House |
| 14:26 | Age | Feudal Age |
| 14:50 | Create | Villager (Male) |
| 14:59 | Create | Villager (Male) |
| 15:13 | Build | Blacksmith |
| 15:20 | Create | Villager (Male) |
| 15:20 | Create | Villager (Male) |
| 15:38 | Create | Villager (Male) |
| 15:45 | Create | Villager (Male) |
| 15:45 | Create | Villager (Male) |
| 16:01 | Build | Lumber Camp |
| 16:17 | Create | Villager (Male) |
| 16:21 | Build | House |
| 16:31 | Build | House |
| 17:24 | Build | Market |
| 17:55 | Build | Mining Camp |
| 18:03 | Research | Castle Age |
| 18:23 | Create | Villager (Male) |
| 18:29 | Build | Farm |
| 18:29 | Build | Farm |
| 18:39 | Create | Villager (Male) |
| 19:10 | Create | Villager (Male) |
| 19:15 | Research | Double-Bit Axe |
| 19:21 | Research | Horse Collar |
| 19:27 | Research | Stone Mining |
| 19:28 | Create | Villager (Male) |
| 20:05 | Create | Villager (Male) |
| 20:18 | Build | House |
| 20:22 | Build | Palisade Wall |
| 20:31 | Build | Farm |
| 20:31 | Build | Farm |
| 20:51 | Age | Castle Age |
| 20:58 | Create | Villager (Male) |
| 21:00 | Create | Villager (Male) |
| 21:07 | Build | Farm |
| 21:07 | Build | Farm |
| 21:19 | Build | House |
| 21:20 | Build | Palisade Wall |
| 21:27 | Create | Villager (Male) |
| 22:52 | Create | Villager (Male) |
| 22:56 | Build | Town Center |
| 23:03 | Build | Farm |
| 23:03 | Build | Farm |
| 23:05 | Create | Villager (Male) |
| 23:08 | Build | Monastery |
| 23:11 | Create | Villager (Male) |
| 23:13 | Create | Villager (Male) |
| 23:24 | Create | Villager (Male) |
| 23:41 | Create | Villager (Male) |
| 23:57 | Create | Villager (Male) |
| 24:00 | Build | Siege Workshop |
| 24:13 | Build | Castle |
| 24:17 | Create | Villager (Male) |
| 24:27 | Create | Monk |
| 24:27 | Create | Monk |
| 24:31 | Create | Scorpion |
| 24:49 | Create | Villager (Male) |
| 24:49 | Create | Villager (Male) |
| 25:05 | Create | Villager (Male) |
| 25:17 | Create | Villager (Male) |
| 25:17 | Create | Villager (Male) |
| 25:35 | Create | Villager (Male) |
| 25:39 | Build | Mining Camp |
| 26:04 | Create | Villager (Male) |
| 26:06 | Create | Monk |
| 26:07 | Create | Scorpion |
| 26:17 | Build | Outpost |
| 26:32 | Create | Jaguar Warrior |
| 26:33 | Create | Jaguar Warrior |
| 26:41 | Create | Jaguar Warrior |
| 26:45 | Create | Monk |
| 26:53 | Build | Castle |
| 26:55 | Create | Villager (Male) |
| 27:09 | Create | Villager (Male) |
| 27:09 | Create | Villager (Male) |
| 27:11 | Create | Jaguar Warrior |
| 27:11 | Create | Jaguar Warrior |
| 27:20 | Create | Villager (Male) |
| 27:20 | Create | Villager (Male) |
| 27:22 | Create | Villager (Male) |
| 27:35 | Create | Jaguar Warrior |
Build order — aldeanovago
First 150 of 213 actions detected
| 1:14 | Build | Dock |
| 1:45 | Build | Town Center |
| 2:03 | Build | House |
| 2:04 | Build | House |
| 3:44 | Create | Villager (Male) |
| 3:44 | Create | Villager (Male) |
| 3:44 | Create | Villager (Male) |
| 3:53 | Create | Villager (Male) |
| 4:50 | Research | Loom |
| 5:14 | Create | Villager (Male) |
| 5:36 | Create | Fishing Ship |
| 5:48 | Create | Villager (Male) |
| 6:09 | Create | Villager (Male) |
| 6:57 | Create | Villager (Male) |
| 6:58 | Create | Villager (Male) |
| 7:14 | Create | Villager (Male) |
| 7:16 | Create | Fishing Ship |
| 7:46 | Build | House |
| 7:55 | Create | Villager (Male) |
| 8:26 | Create | Villager (Male) |
| 8:30 | Create | Fishing Ship |
| 8:45 | Create | Villager (Male) |
| 8:54 | Create | Fishing Ship |
| 9:11 | Create | Fishing Ship |
| 9:23 | Create | Villager (Male) |
| 9:46 | Build | House |
| 9:48 | Create | Fishing Ship |
| 10:03 | Create | Villager (Male) |
| 10:06 | Create | Villager (Male) |
| 10:24 | Create | Villager (Male) |
| 10:55 | Create | Villager (Male) |
| 11:04 | Build | Settlement |
| 11:12 | Create | Villager (Male) |
| 11:16 | Create | Fishing Ship |
| 11:19 | Build | House |
| 11:25 | Create | Fishing Ship |
| 12:00 | Create | Villager (Male) |
| 12:03 | Create | Fishing Ship |
| 12:13 | Build | Dock |
| 12:22 | Create | Villager (Male) |
| 13:00 | Research | Feudal Age |
| 13:24 | Build | Barracks |
| 13:27 | Create | Villager (Male) |
| 13:38 | Create | Fishing Ship |
| 13:40 | Create | Fishing Ship |
| 13:40 | Create | Fishing Ship |
| 14:13 | Create | Fishing Ship |
| 14:39 | Create | Unit 2550 |
| 14:39 | Create | Unit 2550 |
| 14:49 | Create | Villager (Male) |
| 14:55 | Create | Fishing Ship |
| 14:56 | Create | Fishing Ship |
| 15:08 | Build | Dock |
| 15:10 | Age | Feudal Age |
| 15:16 | Research | Double-Bit Axe |
| 15:21 | Research | Gold Mining |
| 15:39 | Build | Outpost |
| 15:46 | Research | Tech 906 |
| 15:56 | Create | Fishing Ship |
| 16:01 | Create | Unit 2626 |
| 16:08 | Create | Unit 2626 |
| 16:11 | Create | Villager (Male) |
| 16:12 | Create | Villager (Male) |
| 16:12 | Create | Villager (Male) |
| 16:26 | Create | Villager (Male) |
| 16:29 | Build | House |
| 16:32 | Create | Villager (Male) |
| 16:42 | Build | Settlement |
| 16:46 | Research | Town Watch |
| 16:46 | Create | Villager (Male) |
| 16:49 | Build | House |
| 16:52 | Create | Fishing Ship |
| 16:52 | Create | Fishing Ship |
| 17:26 | Create | Villager (Male) |
| 17:30 | Build | Market |
| 17:50 | Create | Unit 2550 |
| 17:50 | Create | Unit 2550 |
| 17:55 | Build | Archery Range |
| 17:56 | Create | Villager (Male) |
| 18:28 | Create | Villager (Male) |
| 18:29 | Create | Villager (Male) |
| 18:32 | Build | Farm |
| 18:34 | Build | Farm |
| 18:57 | Create | Archer |
| 18:58 | Create | Archer |
| 19:00 | Build | Farm |
| 19:01 | Create | Villager (Male) |
| 19:02 | Create | Villager (Male) |
| 19:13 | Build | Dock |
| 19:38 | Create | Villager (Male) |
| 20:11 | Research | Castle Age |
| 21:04 | Create | Villager (Male) |
| 21:05 | Create | Spearman |
| 21:05 | Create | Spearman |
| 21:06 | Create | Spearman |
| 21:27 | Create | Spearman |
| 21:49 | Build | Barracks |
| 21:56 | Build | Palisade Wall |
| 22:03 | Build | House |
| 22:06 | Build | Palisade Wall |
| 22:12 | Build | Palisade Wall |
| 22:26 | Create | Villager (Male) |
| 22:38 | Build | Stone Wall |
| 22:51 | Age | Castle Age |
| 22:55 | Research | Pikeman (upgrade) |
| 23:08 | Create | Villager (Male) |
| 23:21 | Research | Pikeman (upgrade) |
| 23:22 | Create | Spearman |
| 23:25 | Create | Spearman |
| 23:25 | Create | Spearman |
| 23:34 | Build | Blacksmith |
| 23:39 | Create | Villager (Male) |
| 23:46 | Build | Town Center |
| 23:49 | Create | Villager (Male) |
| 23:52 | Create | Villager (Male) |
| 23:57 | Build | Town Center |
| 24:01 | Create | Spearman |
| 24:02 | Create | Spearman |
| 24:04 | Create | Spearman |
| 24:05 | Create | Spearman |
| 24:24 | Build | Siege Workshop |
| 24:27 | Create | Spearman |
| 24:28 | Create | Spearman |
| 24:30 | Create | Spearman |
| 24:31 | Create | Spearman |
| 24:44 | Create | Villager (Male) |
| 24:44 | Create | Villager (Male) |
| 25:11 | Build | Dock |
| 25:20 | Create | Mangonel |
| 25:21 | Create | Mangonel |
| 25:23 | Create | Spearman |
| 25:24 | Create | Spearman |
| 25:27 | Create | Spearman |
| 25:27 | Create | Spearman |
| 25:28 | Create | Spearman |
| 25:33 | Create | Villager (Male) |
| 25:35 | Create | Villager (Male) |
| 25:35 | Create | Villager (Male) |
| 25:35 | Create | Villager (Male) |
| 25:39 | Build | Farm |
| 25:41 | Build | Farm |
| 26:12 | Create | Spearman |
| 26:12 | Create | Spearman |
| 26:29 | Create | Mangonel |
| 26:35 | Create | Villager (Male) |
| 26:45 | Create | Spearman |
| 26:46 | Create | Spearman |
| 26:50 | Research | Forging |
| 26:50 | Research | Fletching |
| 26:51 | Create | Villager (Male) |
Build order — RoscoeBrown
First 150 of 157 actions detected
| 0:14 | Build | Town Center |
| 0:23 | Build | House |
| 1:38 | Build | Dock |
| 2:28 | Create | Villager (Male) |
| 2:28 | Create | Villager (Male) |
| 2:28 | Create | Villager (Male) |
| 2:29 | Create | Villager (Male) |
| 2:29 | Create | Villager (Male) |
| 3:33 | Research | Loom |
| 3:45 | Create | Villager (Male) |
| 3:54 | Build | House |
| 4:17 | Create | Fishing Ship |
| 4:26 | Create | Villager (Male) |
| 4:41 | Build | House |
| 5:03 | Build | Palisade Wall |
| 5:05 | Build | Palisade Wall |
| 5:06 | Build | Palisade Wall |
| 5:08 | Build | Palisade Wall |
| 5:09 | Build | Palisade Wall |
| 5:16 | Create | Villager (Male) |
| 5:44 | Create | Villager (Male) |
| 6:29 | Create | Villager (Male) |
| 6:55 | Create | Villager (Male) |
| 7:07 | Create | Villager (Male) |
| 7:15 | Create | Fishing Ship |
| 7:28 | Create | Villager (Male) |
| 7:36 | Create | Villager (Male) |
| 8:03 | Create | Villager (Male) |
| 8:17 | Build | House |
| 8:19 | Create | Villager (Male) |
| 8:37 | Create | Villager (Male) |
| 8:48 | Create | Villager (Male) |
| 8:52 | Create | Fishing Ship |
| 9:23 | Create | Villager (Male) |
| 9:33 | Create | Villager (Male) |
| 9:36 | Create | Villager (Male) |
| 9:45 | Create | Villager (Male) |
| 10:05 | Build | Mill |
| 10:21 | Create | Villager (Male) |
| 10:27 | Build | House |
| 10:47 | Create | Villager (Male) |
| 10:59 | Build | Mining Camp |
| 11:25 | Research | Feudal Age |
| 12:06 | Build | House |
| 12:59 | Create | Villager (Male) |
| 12:59 | Create | Villager (Male) |
| 14:02 | Create | Villager (Male) |
| 14:05 | Age | Feudal Age |
| 14:08 | Build | Market |
| 14:09 | Build | Blacksmith |
| 14:15 | Create | Villager (Male) |
| 14:35 | Create | Unit 2626 |
| 15:00 | Research | Castle Age |
| 15:51 | Create | Unit 2626 |
| 16:09 | Build | House |
| 16:56 | Create | Villager (Male) |
| 17:45 | Create | Villager (Male) |
| 18:05 | Research | Fletching |
| 18:25 | Age | Castle Age |
| 18:31 | Build | Castle |
| 18:38 | Create | Villager (Male) |
| 18:38 | Create | Villager (Male) |
| 18:57 | Research | War Galley (upgrade) |
| 19:09 | Create | Villager (Male) |
| 19:09 | Create | Villager (Male) |
| 19:13 | Build | Mill |
| 19:28 | Create | Mangudai |
| 19:28 | Create | Mangudai |
| 19:55 | Create | Villager (Male) |
| 19:57 | Create | Fishing Ship |
| 20:10 | Create | Villager (Male) |
| 20:28 | Create | Mangudai |
| 20:51 | Create | Unit 2626 |
| 20:51 | Create | Unit 2626 |
| 21:03 | Create | Mangudai |
| 21:42 | Create | Mangudai |
| 21:49 | Build | Town Center |
| 21:52 | Create | Mangudai |
| 22:19 | Research | Bodkin Arrow |
| 22:20 | Create | Villager (Male) |
| 22:21 | Create | Villager (Male) |
| 22:54 | Create | Villager (Male) |
| 22:55 | Create | Villager (Male) |
| 23:01 | Build | Town Center |
| 23:06 | Create | Mangudai |
| 23:06 | Create | Mangudai |
| 23:42 | Create | Mangudai |
| 23:42 | Create | Mangudai |
| 23:54 | Create | Villager (Male) |
| 24:06 | Create | Mangudai |
| 24:06 | Create | Mangudai |
| 24:26 | Create | Mangudai |
| 24:26 | Create | Mangudai |
| 24:38 | Create | Villager (Male) |
| 24:38 | Create | Villager (Male) |
| 24:46 | Research | Padded Archer Armor |
| 24:52 | Create | Villager (Male) |
| 24:52 | Create | Villager (Male) |
| 24:54 | Create | Mangudai |
| 25:29 | Create | Villager (Male) |
| 25:29 | Create | Villager (Male) |
| 25:32 | Build | Mill |
| 25:43 | Create | Mangudai |
| 25:50 | Create | Villager (Male) |
| 25:50 | Create | Villager (Male) |
| 26:27 | Build | Siege Workshop |
| 26:47 | Build | House |
| 27:01 | Create | Mangudai |
| 27:01 | Create | Mangudai |
| 27:30 | Build | Castle |
| 28:12 | Build | University |
| 28:14 | Create | Villager (Male) |
| 28:14 | Create | Villager (Male) |
| 28:15 | Create | Battering Ram |
| 28:15 | Create | Battering Ram |
| 29:17 | Create | Mangudai |
| 29:18 | Create | Mangudai |
| 29:31 | Research | Ballistics |
| 30:03 | Create | Mangudai |
| 30:03 | Create | Mangudai |
| 30:05 | Create | Mangudai |
| 30:05 | Create | Mangudai |
| 30:41 | Create | Villager (Male) |
| 30:41 | Create | Villager (Male) |
| 31:08 | Create | Mangudai |
| 31:10 | Build | Town Center |
| 31:33 | Create | Villager (Male) |
| 31:33 | Create | Villager (Male) |
| 31:40 | Build | Lumber Camp |
| 31:42 | Build | Farm |
| 31:43 | Build | Farm |
| 31:43 | Build | Farm |
| 31:43 | Build | Farm |
| 31:43 | Build | Farm |
| 31:43 | Build | Farm |
| 31:44 | Build | Farm |
| 31:44 | Build | Farm |
| 31:53 | Create | Villager (Male) |
| 31:54 | Create | Villager (Male) |
| 32:20 | Build | Farm |
| 32:21 | Create | Villager (Male) |
| 32:22 | Create | Villager (Male) |
| 32:22 | Create | Villager (Male) |
| 32:30 | Create | Mangudai |
| 32:31 | Create | Mangudai |
| 32:35 | Create | Villager (Male) |
| 32:35 | Create | Villager (Male) |
| 32:44 | Build | Farm |
| 32:45 | Build | Farm |
| 32:45 | Build | Farm |
Build order — FrasseFrans
First 150 of 168 actions detected
| 0:29 | Build | Town Center |
| 2:43 | Create | Villager (Male) ×5 |
| 2:44 | Create | Villager (Male) ×5 |
| 2:48 | Build | House |
| 2:53 | Build | Dock |
| 4:00 | Create | Villager (Male) |
| 4:00 | Create | Villager (Male) |
| 4:29 | Build | House |
| 4:40 | Create | Villager (Male) |
| 4:40 | Create | Villager (Male) |
| 4:52 | Create | Villager (Male) |
| 5:32 | Create | Villager (Male) |
| 5:32 | Create | Villager (Male) |
| 5:35 | Create | Fishing Ship |
| 6:06 | Create | Villager (Male) |
| 6:06 | Create | Villager (Male) |
| 6:22 | Build | House |
| 6:40 | Create | Villager (Male) |
| 6:44 | Create | Fishing Ship |
| 6:55 | Build | House |
| 7:05 | Create | Villager (Male) |
| 7:05 | Create | Villager (Male) |
| 7:05 | Create | Villager (Male) |
| 7:06 | Create | Villager (Male) |
| 7:36 | Create | Villager (Male) |
| 7:38 | Create | Fishing Ship |
| 8:21 | Create | Villager (Male) |
| 8:22 | Create | Villager (Male) |
| 8:22 | Create | Fishing Ship |
| 8:23 | Create | Fishing Ship |
| 8:34 | Build | Lumber Camp |
| 8:41 | Create | Villager (Male) |
| 8:41 | Research | Loom |
| 9:03 | Create | Fishing Ship |
| 9:27 | Create | Villager (Male) |
| 9:46 | Build | House |
| 10:14 | Research | Feudal Age |
| 10:14 | Research | Feudal Age |
| 10:27 | Build | Barracks |
| 10:42 | Build | House |
| 10:48 | Build | Mill |
| 10:52 | Create | Villager (Male) |
| 10:53 | Create | Villager (Male) |
| 11:04 | Create | Fishing Ship |
| 11:04 | Create | Fishing Ship |
| 11:16 | Build | House |
| 11:32 | Build | House |
| 11:36 | Build | House |
| 11:43 | Build | Palisade Wall |
| 11:55 | Build | Palisade Wall |
| 12:01 | Build | Palisade Wall |
| 12:11 | Build | House |
| 12:14 | Build | Palisade Wall |
| 12:15 | Create | Villager (Male) |
| 12:18 | Age | Feudal Age |
| 12:24 | Research | Double-Bit Axe |
| 12:29 | Create | Fire Galley |
| 12:33 | Create | Unit 2626 |
| 12:47 | Build | Building 804 |
| 12:50 | Create | Villager (Male) |
| 12:58 | Create | Villager (Male) |
| 13:15 | Build | Palisade Wall |
| 13:17 | Build | Palisade Wall |
| 13:34 | Create | Unit 2626 |
| 13:34 | Create | Unit 2626 |
| 13:35 | Create | Unit 2626 |
| 13:39 | Create | Villager (Male) |
| 13:55 | Build | House |
| 14:07 | Create | Unit 2626 |
| 14:21 | Create | Villager (Male) |
| 14:28 | Build | House |
| 14:31 | Build | Palisade Wall |
| 14:34 | Create | Villager (Male) |
| 14:44 | Build | Market |
| 14:53 | Create | Unit 2626 |
| 15:16 | Create | Villager (Male) |
| 15:31 | Build | Blacksmith |
| 15:35 | Create | Villager (Male) |
| 15:43 | Create | Villager (Male) |
| 15:51 | Create | Unit 2626 |
| 15:52 | Create | Unit 2626 |
| 16:08 | Build | House |
| 16:10 | Create | Villager (Male) |
| 16:21 | Build | House |
| 16:30 | Create | Villager (Male) |
| 16:48 | Build | House |
| 16:49 | Research | Castle Age |
| 17:05 | Build | House |
| 17:09 | Create | Fire Galley |
| 17:09 | Create | Fire Galley |
| 17:19 | Build | House |
| 17:23 | Build | House |
| 17:27 | Build | Palisade Wall |
| 17:34 | Build | Stable |
| 18:05 | Create | Villager (Male) |
| 18:06 | Create | Villager (Male) ×5 |
| 19:13 | Build | Stable |
| 19:18 | Age | Castle Age |
| 19:20 | Build | Stable |
| 19:24 | Research | Scale Barding Armor |
| 19:38 | Build | Town Center |
| 20:04 | Create | Villager (Male) |
| 20:23 | Create | Fire Galley |
| 20:41 | Build | Mining Camp |
| 20:43 | Build | House |
| 20:46 | Create | Villager (Male) |
| 20:52 | Create | Knight |
| 20:54 | Research | Bloodlines |
| 21:01 | Create | Villager (Male) |
| 21:01 | Create | Villager (Male) |
| 21:09 | Create | Knight |
| 21:20 | Create | Fire Galley |
| 21:40 | Create | Villager (Male) |
| 21:49 | Create | Knight |
| 21:50 | Create | Knight |
| 22:02 | Build | Farm |
| 22:03 | Build | Farm |
| 22:03 | Build | Farm |
| 22:03 | Build | Farm |
| 22:03 | Build | Farm |
| 22:04 | Build | Farm |
| 22:16 | Create | Villager (Male) |
| 22:18 | Create | Villager (Male) |
| 22:46 | Create | Knight |
| 22:46 | Create | Knight |
| 23:28 | Create | Villager (Male) |
| 23:28 | Create | Villager (Male) |
| 23:35 | Create | Fire Galley |
| 23:53 | Create | Villager (Male) ×2 |
| 23:53 | Create | Villager (Male) ×2 |
| 24:21 | Build | Mining Camp |
| 24:29 | Create | Villager (Male) |
| 24:30 | Create | Villager (Male) |
| 24:53 | Create | Villager (Male) |
| 25:09 | Create | Knight |
| 25:10 | Create | Knight |
| 25:27 | Create | Villager (Male) |
| 25:28 | Create | Villager (Male) |
| 25:28 | Create | Villager (Male) |
| 25:28 | Create | Villager (Male) |
| 25:43 | Build | Archery Range |
| 27:00 | Research | Fletching |
| 27:29 | Create | Skirmisher |
| 27:29 | Create | Skirmisher |
| 27:33 | Build | Mill |
| 27:39 | Build | Archery Range |
| 27:45 | Create | Villager (Male) |
| 27:45 | Create | Villager (Male) |
| 28:23 | Build | Castle |
| 28:28 | Research | Elite Skirmisher (upgrade) |
Match timeline
| 0:33 | Bobbmon · first_building Dock |
| 1:14 | aldeanovago · first_building Dock |
| 1:38 | RoscoeBrown · first_building Dock |
| 2:53 | FrasseFrans · first_building Dock |
| 5:03 | RoscoeBrown · wall_segment Palisade Wall x1 |
| 5:05 | RoscoeBrown · wall_segment Palisade Wall x1 |
| 5:06 | RoscoeBrown · wall_segment Palisade Wall x1 |
| 5:08 | RoscoeBrown · wall_segment Palisade Wall x1 |
| 5:09 | RoscoeBrown · wall_segment Palisade Wall x1 |
| 10:27 | FrasseFrans · first_building Barracks |
| 11:43 | FrasseFrans · wall_segment Palisade Wall x5 |
| 11:55 | FrasseFrans · wall_segment Palisade Wall x2 |
| 12:01 | FrasseFrans · wall_segment Palisade Wall x4 |
| 12:14 | FrasseFrans · wall_segment Palisade Wall x1 |
| 12:18 | FrasseFrans · age_up feudal |
| 13:15 | FrasseFrans · wall_segment Palisade Wall x1 |
| 13:17 | FrasseFrans · wall_segment Palisade Wall x1 |
| 13:24 | aldeanovago · first_building Barracks |
| 14:05 | RoscoeBrown · age_up feudal |
| 14:26 | Bobbmon · age_up feudal |
| 14:31 | FrasseFrans · wall_segment Palisade Wall x1 |
| 15:10 | aldeanovago · age_up feudal |
| 17:27 | FrasseFrans · wall_segment Palisade Wall x10 |
| 17:34 | FrasseFrans · first_building Stable |
| 17:55 | aldeanovago · first_building Archery Range |
| 18:25 | RoscoeBrown · age_up castle |
| 18:31 | RoscoeBrown · first_building Castle |
| 19:18 | FrasseFrans · age_up castle |
| 19:32 | aldeanovago · first_market_sell 100 wood |
| 19:33 | aldeanovago · first_market_buy 100 food |
| 20:22 | Bobbmon · wall_segment Palisade Wall x4 |
| 20:51 | Bobbmon · age_up castle |
| 21:20 | Bobbmon · wall_segment Palisade Wall x4 |
| 21:36 | RoscoeBrown · first_market_buy 100 wood |
| 21:56 | aldeanovago · wall_segment Palisade Wall x6 |
| 22:06 | aldeanovago · wall_segment Palisade Wall x1 |
| 22:12 | aldeanovago · wall_segment Palisade Wall x9 |
| 22:38 | aldeanovago · wall_segment Stone Wall x1 |
| 22:51 | aldeanovago · age_up castle |
| 23:08 | Bobbmon · first_building Monastery |
| 24:00 | Bobbmon · first_building Siege Workshop |
| 24:13 | Bobbmon · first_building Castle |
| 24:24 | aldeanovago · first_building Siege Workshop |
| 25:43 | FrasseFrans · first_building Archery Range |
| 26:27 | RoscoeBrown · first_building Siege Workshop |
| 28:23 | FrasseFrans · first_building Castle |
| 28:36 | FrasseFrans · first_market_sell 100 wood |
| 30:16 | Bobbmon · first_market_buy 100 food |
| 32:37 | RoscoeBrown · first_market_sell 100 stone |
| 32:40 | aldeanovago · first_building Castle |
| 34:10 | FrasseFrans · resign |
[ AI ANALYSIS · 1 CREDIT ]
What really happened in this match?
Wolo.gg analyzes every decision: build order, eco, micro, common mistakes by bracket. Personalized analysis on WhatsApp or Discord in 30 seconds.
Civ guide
Aztecs
Perfil
Jugador #17078781